 Dungeon Crawl Stone Soup version 0.31-a0-986-g5e6e4ef867 (webtiles) character file.

Game seed: 3364567116759982128

206 gelatine the Digger (level 5, -7/37 HPs)
             Began as a Demonspawn Earth Elementalist on Nov 11, 2023.
             Mangled by Duvessa
             ... wielding a +0 short sword
              (9 damage)
             ... on level 4 of the Dungeon.
             The game lasted 00:07:13 (2583 turns).

gelatine the Digger (Demonspawn Earth Elementalist) Turns: 2583, Time: 00:07:13

Health: -7/37      AC:  4    Str:  8    XL:     5   Next: 53%
Magic:  4/18       EV: 12    Int: 19    God:
Gold:   220        SH:  0    Dex: 13    Spells: 3/9 levels left

rFire   . . .        e - staff of earth
rCold   . . .        (no shield)
rNeg    . . .        a - +0 robe
rPois   .            r - +0 helmet
rElec   .            (no cloak)
rCorr   .            o - +0 pair of gloves
SInv    .            (no boots)
Will    .....        (no amulet)
Stlth   ++           l - ring of magical power
HPRegen 0.26/turn    (no ring)
MPRegen 0.16/turn

%: no passive effects
@: no status effects
A: ignite blood 1, demonic touch 1
a: no special abilities


You were on level 4 of the Dungeon.
You visited 1 branch of the dungeon, and saw 4 of its levels.

You collected 220 gold pieces.

Inventory:

Armour
 a - a +0 robe (worn)
 o - a +0 pair of gloves (worn)
 r - a +0 helmet (worn)
Magical Staves
 e - a staff of earth (weapon)
Jewellery
 d - a ring of ice
 l - a ring of magical power (left hand)
Scrolls
 c - a scroll of blinking {unknown}
 f - 3 scrolls of identify {unknown}
 g - a scroll of summoning {unknown}
 i - a scroll of noise {unknown}
 k - a scroll of fog {unknown}
 m - a scroll of enchant armour {unknown}
 n - a scroll of vulnerability {unknown}
 p - a scroll of poison {unknown}
Potions
 b - a potion of magic
 h - 2 potions of enlightenment {unknown}
 j - 4 potions of lignification {unknown}
 q - a potion of curing {unknown}


   Skills:
 * Level 1.6 Fighting
 + Level 2.0 Dodging
 + Level 1.9 Stealth
 + Level 2.8 Spellcasting
 + Level 1.2 Transmutations
 * Level 4.6 Earth Magic
 * Level 1.0 Evocations


You had 3 spell levels left.
You knew the following spells:

 Your Spells              Type           Power      Damage    Failure   Level
a - Sandblast             Erth           60%        2d14      2%          1
b - Passwall              Tmut/Erth      16%        N/A       7%          2
c - Stone Arrow           Conj/Erth      34%        3d9       19%         3

Your spell library contained the following spells:

 Spells                   Type           Power      Damage    Failure   Level
 Petrify                  Tmut/Erth      20%        N/A       43%         4
 Brom's Barrelling Bould  Conj/Erth      17%        2d4       52%         4


Dungeon Overview and Level Annotations

Branches:
Dungeon (4/15)
 Temple: D:4-7

Altars:
Fedhas

Shops:
D:3 (

Annotations:
D:4 Dowan, Duvessa


Innate Abilities, Weirdness & Mutations

Your demonic aura sometimes causes spilled blood to erupt in flames.
Your touch may inflict minor irresistible damage on your foes.


Message History

You finish putting on your +0 helmet.
You feel a surge of power!
The blast of sand hits the orc.
The orc is heavily wounded.
You feel a surge of power!
The blast of sand hits the orc!!
You kill the orc!
You feel a surge of power!
The blast of sand hits the orc!
You kill the orc!
Items here: )) [ †.
You see here a +0 dagger.
HP restored.
Dowan is nearby!
You can't see any susceptible monsters within range! (Use Z to cast anyway.)
You feel a surge of power!
The blast of sand hits Duvessa.
Duvessa is lightly wounded.
You feel a surge of power!
The blast of sand hits Duvessa.
Duvessa is lightly wounded.
Duvessa hits you with a +0 short sword.
You feel a surge of power!
The blast of sand hits Duvessa.
Duvessa is moderately wounded.
Duvessa hits you with a +0 short sword!
You feel a surge of power!
The blast of sand hits Duvessa.
Duvessa is moderately wounded.
Duvessa hits you with a +0 short sword. Duvessa hits you with a +0 short sword!
* * * LOW HITPOINT WARNING * * *
You are too injured to fight recklessly!
Aiming: Sandblast (safe; 2% risk of failure)
Press: ? - help, Q - select action, (/) - cycle Shift-Dir - straight line, f/p - Duvessa
Aim: Duvessa, wielding a +0 short sword and wearing a +0 leather armour (moderately wounded, 86% to hit)
You feel a surge of power!
The blast of sand hits Duvessa!
Duvessa is severely wounded.
Duvessa misses you.
Aiming: Sandblast (safe; 2% risk of failure)
Press: ? - help, Q - select action, (/) - cycle Shift-Dir - straight line, f/p - Duvessa
Aim: Duvessa, wielding a +0 short sword and wearing a +0 leather armour (severely wounded, 86% to hit)
You feel a surge of power!
The blast of sand hits Duvessa!
Duvessa is almost dead.
Duvessa hits you with a +0 short sword!
* * * LOW HITPOINT WARNING * * *
Duvessa hits you with a +0 short sword!
You die...

...
#.........#.#.re<#####
.........
+.........'...........
..... ...
#.........#.####.#...#
#...#
#.##.........)..###.....#
....#
#..........♣♣♣.....(.....
#...# #.......♣
#♣.......... #...#
#..)....♣ ♣....#.e...
....########.)....♣#
♣....#.....
#...#...)..)###.@e.♣
♣...........
..#†#...<)).#
###........#.#.#.#.
.##.'.......# ##e#.#.##.
.#... .####.......# ....
........ .############
... #.#.## .....†.# #.
..... # .......# ...#
.......# .. ..######


You could see Duvessa and Dowan (wandering).

Vanquished Creatures
  An iguana (D:4)
  An orc wizard (D:3)
  Robin (D:4)
  A gnoll (D:1)
  3 adders (D:2)
  2 worms
  2 dart slugs (D:4)
  8 orcs
  3 endoplasms
  3 giant cockroaches
  16 goblins
  8 hobgoblins
  8 jackals
  5 quokkas
  4 ball pythons (D:1)
  5 bats
  4 frilled lizards
  5 kobolds (D:1)
  3 rats (D:1)
83 creatures vanquished.

Notes
Turn   | Place    | Note
-------+----------+-------------------------------------------
     0 | D:1      | gelatine the Demonspawn Earth Elementalist began the quest
                  | for the Orb.
     0 | D:1      | Reached XP level 1. HP: 13/13 MP: 3/3
    85 | D:1      | Reached skill level 1 in Transmutations
    85 | D:1      | Reached skill level 3 in Earth Magic
    85 | D:1      | Gained mutation: Your touch may inflict minor irresistible
                  | damage on your foes. [demonic ancestry]
    85 | D:1      | Reached XP level 2. HP: 19/19 MP: 0/5
   397 | D:1      | Gained mutation: Your demonic aura sometimes causes spilled
                  | blood to erupt in flames. [demonic ancestry]
   397 | D:1      | Reached XP level 3. HP: 23/24 MP: 3/6
  1136 | D:2      | Learned a level 2 spell: Passwall
  1175 | D:2      | Reached skill level 1 in Fighting
  1196 | D:2      | Reached XP level 4. HP: 32/32 MP: 1/7
  1262 | D:2      | Learned a level 3 spell: Stone Arrow
  1922 | D:3      | Found Lyewel's Weapon Boutique.
  1943 | D:3      | Reached skill level 4 in Earth Magic
  2042 | D:3      | Reached XP level 5. HP: 23/37 MP: 9/9
  2174 | D:3      | Found a blossoming altar of Fedhas.
  2386 | D:4      | Noticed Duvessa
  2386 | D:4      | Noticed Dowan
  2512 | D:4      | Noticed Robin
  2527 | D:4      | Reached skill level 1 in Evocations
  2527 | D:4      | Killed Robin
  2583 | D:4      | Mangled by Duvessa

Illustrated notes

Levels and vault maps discovered:
D:1:      dpeg_arrival_oval, layout_basic, dreamdust_wishing_well,
          chequers_serial_rivers_small_b
D:2:      layout_basic, minmay_diced_spiral
D:3:      layout_rooms, nicolae_overflow_crystal_walls, serial_shops,
          nicolae_shop_real_fake_doors
D:4:      layout_basic, minmay_stone_trees_small, uniq_duvessa, uniq_robin

Skill      XL: |  1  2  3  4  5 |
---------------+----------------+-----
Transmutations | 1 |  1.2
Earth Magic    | 3 4 |  4.6
Dodging        | 2 |  2.0
Fighting       | 1 |  1.6
Evocations     | 1 |  1.0
Stealth        | |  1.9
Spellcasting   | |  2.8

Action                     |  1- 3 |  4- 6 || total
---------------------------+-------+-------++-------
  Melee: Staff             |    11 |       ||    11
         Touch             |     1 |       ||     1
   Cast: Sandblast         |    43 |    65 ||   108
         Passwall          |       |     2 ||     2
 Armour: Robe              |    15 |    22 ||    37
  Dodge: Dodged            |     8 |    14 ||    22

Table legend: (Time is in decaauts)
 A = Elapsed time spent in this place.
 B = Non-inter-level travel time spent in this place.
 C = Inter-level travel time spent in this place.
 D = Time resting spent in this place.
 E = Time spent auto-exploring this place.
 F = Levels seen in this place.
 G = Mean time per level.
                   A        B        C        D        E       F      G
               +--------+--------+--------+--------+--------+-----+--------+
         Total |   2637 |   2514 |    123 |      0 |   2019 |   4 |  659.2 |
       Dungeon |   2637 |   2514 |    123 |      0 |   2019 |   4 |  659.2 |
               +--------+--------+--------+--------+--------+-----+--------+

Top non-repeatable levels by time:
     D:1: 1151 daAuts
     D:2: 710 daAuts
     D:3: 582 daAuts
     D:4: 192 daAuts
